BSA
HENDERSONVILLE HITMEN @ SO CAL HENVY
08/10/2026
 
TOP OF THE 1ST
Hendersonville Hitmen batting - Pitching for So Cal Henvy : LHP Tomás Fajardo
Pitching: LHP Tomás Fajardo
Batting: RHB Eduardo García 0-0: Ball
1-0: Ground out 4-3 (Groundball, 34)
Batting: LHB José Flores 0-0: Ball
1-0: Called Strike
1-1: Ball
2-1: Ball
3-1: Ground out 1-3 (Groundball, 15S)
Batting: RHB Manolo Román 0-0: Swinging Strike
0-1: Ball
1-1: Called Strike
1-2: Strikes out swinging
Top of the 1st over - 0 run(s), 0 hit(s), 0 error(s), 0 left on base; Hendersonville 0 - So Cal 0
BOTTOM OF THE 1ST
So Cal Henvy batting - Pitching for Hendersonville Hitmen : RHP Samuel Émond
Pitching: RHP Samuel Émond
Batting: SHB Miguel González 0-0: Foul Ball, location: 2F
0-1: Called Strike
0-2: Ball
1-2: Fly out, F8 (Flyball, 8LD)
Batting: LHB John Peterson 0-0: Ball
1-0: Foul Ball, location: 2F
1-1: Ball
2-1: Ground out 6-3 (Groundball, 6M)
Batting: RHB Earl Wiggins 0-0: Swinging Strike
0-1: SINGLE (Groundball, 13) (infield hit)
Batting: RHB Rubén Calderón 0-0: Fielders Choice at 2nd, 5-4 (Groundball, 56)
Bottom of the 1st over - 0 run(s), 1 hit(s), 0 error(s), 0 left on base; Hendersonville 0 - So Cal 0
TOP OF THE 2ND
Hendersonville Hitmen batting - Pitching for So Cal Henvy : LHP Tomás Fajardo
Batting: LHB Tony Abete 0-0: Ball
1-0: Ball
2-0: Called Strike
2-1: Ground out 4-3 (Groundball, 4)
Batting: RHB Robert Buckley 0-0: Ball
1-0: Foul Ball, location: 2F
1-1: Ball
2-1: Ball
3-1: SOLO HOME RUN (Flyball, 7D), Distance : 364 ft
Batting: LHB Pedro Gonzáles 0-0: Fly out, F6 (Popup, 6)
Batting: RHB Junior Vargas 0-0: Called Strike
0-1: Ball
1-1: Ball
2-1: Ground out 6-3 (Groundball, 6)
Top of the 2nd over - 1 run(s), 1 hit(s), 0 error(s), 0 left on base; Hendersonville 1 - So Cal 0
BOTTOM OF THE 2ND
So Cal Henvy batting - Pitching for Hendersonville Hitmen : RHP Samuel Émond
Batting: LHB José Antonio Santiago 0-0: Ball
1-0: Foul Ball, location: 2F
1-1: Called Strike
1-2: Strikes out swinging
Batting: SHB Ray Burgess 0-0: Called Strike
0-1: Ball
1-1: Ball
2-1: Foul Ball, location: 2F
2-2: Strikes out swinging
Batting: RHB Morgan Gibbon 0-0: Ground out 6-3 (Groundball, 6)
Bottom of the 2nd over - 0 run(s), 0 hit(s), 0 error(s), 0 left on base; Hendersonville 1 - So Cal 0
TOP OF THE 3RD
Hendersonville Hitmen batting - Pitching for So Cal Henvy : LHP Tomás Fajardo
Batting: RHB Taylor McFarland 0-0: Called Strike
0-1: Called Strike
0-2: Ball
1-2: Foul Ball, location: 2F
1-2: Ball
2-2: SINGLE (Line Drive, 89S)
Batting: RHB Robert Bly 0-0: Ball
1-0: Foul Ball, location: 2F
1-1: Foul Ball, location: 2F
1-2: Foul Ball, location: 2F
1-2: Ball
2-2: Ball
3-2: Ground out 4-3 (Groundball, 4)
Taylor McFarland to second
Batting: RHB Eduardo García 0-0: Foul Ball, location: 2F
0-1: Swinging Strike
0-2: Ball
1-2: SINGLE (Groundball, 4MD) (infield hit)
Taylor McFarland to third
Batting: LHB José Flores 0-0: Called Strike
0-1: Foul Ball, location: 2F
0-2: Foul Ball, location: 2F
0-2: Foul Ball, location: 2F
0-2: Ground out 4-3 (Groundball, 13)
Taylor McFarland scores
Eduardo García to second
Batting: RHB Manolo Román 0-0: Called Strike
0-1: Called Strike
0-2: Ball
1-2: Ball
2-2: Ball
3-2: Ground out 6-3 (Groundball, 6M)
Top of the 3rd over - 1 run(s), 2 hit(s), 0 error(s), 1 left on base; Hendersonville 2 - So Cal 0
BOTTOM OF THE 3RD
So Cal Henvy batting - Pitching for Hendersonville Hitmen : RHP Samuel Émond
Batting: SHB Derek Roach 0-0: Called Strike
0-1: Foul Ball, location: 2F
0-2: Fly out, F9 (Flyball, 9LD)
Batting: RHB Gregg Nelson 0-0: Foul Ball, location: 2F
0-1: Ball
1-1: Foul Ball, location: 2F
1-2: Ball
2-2: Foul Ball, location: 2F
2-2: Ball
3-2: Foul Ball, location: 2F
3-2: Foul Ball, location: 2F
3-2: DOUBLE (Line Drive, 7D)
Batting: SHB Miguel González 0-0: Called Strike
0-1: Ball
1-1: Foul Ball, location: 2F
1-2: Ball
2-2: Ball
3-2: Ground out 4-3 (Groundball, 4)
Gregg Nelson to third
Batting: LHB John Peterson 0-0: Called Strike
0-1: Ball
1-1: Foul Ball, location: 2F
1-2: Fly out, F7 (Flyball, 78M)
Bottom of the 3rd over - 0 run(s), 1 hit(s), 0 error(s), 1 left on base; Hendersonville 2 - So Cal 0
TOP OF THE 4TH
Hendersonville Hitmen batting - Pitching for So Cal Henvy : LHP Tomás Fajardo
Batting: LHB Tony Abete 0-0: Foul Ball, location: 2F
0-1: Foul Ball, location: 2F
0-2: Strikes out swinging
Batting: RHB Robert Buckley 0-0: Ball
1-0: Called Strike
1-1: SINGLE (Line Drive, 6D)
Batting: LHB Pedro Gonzáles 0-0: Ball
1-0: Ground out U3 (Groundball, 3S)
Robert Buckley to second
Batting: RHB Junior Vargas 0-0: Ball
1-0: Swinging Strike
1-1: Ball
2-1: Swinging Strike
2-2: Ball
3-2: Fly out, F3 (Popup, 34D)
Top of the 4th over - 0 run(s), 1 hit(s), 0 error(s), 1 left on base; Hendersonville 2 - So Cal 0
BOTTOM OF THE 4TH
So Cal Henvy batting - Pitching for Hendersonville Hitmen : RHP Samuel Émond
Batting: RHB Earl Wiggins 0-0: Called Strike
0-1: Ball
1-1: Fly out, F2 (Popup, 2LF)
Batting: RHB Rubén Calderón 0-0: Foul Ball, location: 2F
0-1: Ball
1-1: Fly out, F9 (Flyball, 9LM)
Batting: LHB José Antonio Santiago 0-0: Ball
1-0: Ball
2-0: Ground out 4-3 (Groundball, 4M)
Bottom of the 4th over - 0 run(s), 0 hit(s), 0 error(s), 0 left on base; Hendersonville 2 - So Cal 0
TOP OF THE 5TH
Hendersonville Hitmen batting - Pitching for So Cal Henvy : LHP Tomás Fajardo
Batting: RHB Taylor McFarland 0-0: Ground out 4-3 (Groundball, 34D)
Batting: RHB Robert Bly 0-0: Ball
1-0: Ground out U3 (Groundball, 3S)
Batting: RHB Eduardo García 0-0: Ball
1-0: Ball
2-0: SINGLE (Groundball, 15S) (infield hit)
Batting: LHB José Flores 0-0: Ball
1-0: Foul Ball, location: 2F
1-1: Called Strike
1-2: Ball
2-2: Ball
3-2: Strikes out swinging
Top of the 5th over - 0 run(s), 1 hit(s), 0 error(s), 1 left on base; Hendersonville 2 - So Cal 0
BOTTOM OF THE 5TH
So Cal Henvy batting - Pitching for Hendersonville Hitmen : RHP Samuel Émond
Batting: SHB Ray Burgess 0-0: Ball
1-0: Ball
2-0: Ground out 4-3 (Groundball, 4)
Batting: RHB Morgan Gibbon 0-0: Called Strike
0-1: Foul Ball, location: 2F
0-2: Fly out, F9 (Flyball, 89M)
Batting: SHB Derek Roach 0-0: Foul Ball, location: 2F
0-1: Swinging Strike
0-2: Strikes out looking
Bottom of the 5th over - 0 run(s), 0 hit(s), 0 error(s), 0 left on base; Hendersonville 2 - So Cal 0
TOP OF THE 6TH
Hendersonville Hitmen batting - Pitching for So Cal Henvy : LHP Tomás Fajardo
Batting: RHB Manolo Román 0-0: Called Strike
0-1: Ball
1-1: Ball
2-1: Ball
3-1: Foul Ball, location: 2F
3-2: Fly out, F8 (Flyball, 8LXD)
Batting: LHB Tony Abete 0-0: Ball
1-0: Ball
2-0: Called Strike
2-1: Swinging Strike
2-2: Fly out, F4 (Popup, 4MD)
Batting: RHB Robert Buckley 0-0: Foul Ball, location: 2F
0-1: Ball
1-1: Swinging Strike
1-2: SINGLE (Line Drive, 56D)
Batting: LHB Pedro Gonzáles 0-0: Ball
1-0: Foul Ball, location: 2F
1-1: Ground out U3 (Groundball, 3)
Top of the 6th over - 0 run(s), 1 hit(s), 0 error(s), 1 left on base; Hendersonville 2 - So Cal 0
BOTTOM OF THE 6TH
So Cal Henvy batting - Pitching for Hendersonville Hitmen : RHP Samuel Émond
Batting: RHB Gregg Nelson 0-0: Ball
1-0: Ball
2-0: Ball
3-0: Called Strike
3-1: Foul Ball, location: 2F
3-2: Ground out 6-3 (Groundball, 6)
Batting: SHB Miguel González 0-0: Called Strike
0-1: Ball
1-1: Foul Ball, location: 2F
1-2: Foul Ball, location: 2F
1-2: Foul Ball, location: 2F
1-2: Ball
2-2: Foul Ball, location: 2F
2-2: Ball
3-2: DOUBLE (Line Drive, 89S)
Batting: LHB John Peterson 0-0: Ball
1-0: Ball
2-0: Called Strike
2-1: Foul Ball, location: 2F
2-2: Foul Ball, location: 2F
2-2: Foul Ball, location: 2F
2-2: Ball
3-2: Ground out 4-3 (Groundball, 4)
Miguel González to third
Batting: RHB Earl Wiggins 0-0: Ground out 1-3 (Groundball, 15)
Bottom of the 6th over - 0 run(s), 1 hit(s), 0 error(s), 1 left on base; Hendersonville 2 - So Cal 0
TOP OF THE 7TH
Hendersonville Hitmen batting - Pitching for So Cal Henvy : LHP Tomás Fajardo
Batting: RHB Junior Vargas 0-0: Swinging Strike
0-1: Foul Ball, location: 2F
0-2: Ball
1-2: Ball
2-2: Strikes out swinging
Batting: RHB Taylor McFarland 0-0: Swinging Strike
0-1: Called Strike
0-2: Ball
1-2: Strikes out swinging
Batting: RHB Robert Bly 0-0: Swinging Strike
0-1: Called Strike
0-2: Ball
1-2: Strikes out swinging
Top of the 7th over - 0 run(s), 0 hit(s), 0 error(s), 0 left on base; Hendersonville 2 - So Cal 0
BOTTOM OF THE 7TH
So Cal Henvy batting - Pitching for Hendersonville Hitmen : RHP Samuel Émond
Batting: RHB Rubén Calderón 0-0: Ball
1-0: Ball
2-0: Ground out 6-3 (Groundball, 6)
Batting: LHB José Antonio Santiago 0-0: Foul Ball, location: 2F
0-1: Ball
1-1: Ground out 4-3 (Groundball, 4S)
Batting: SHB Ray Burgess 0-0: Called Strike
0-1: Foul Ball, location: 2F
0-2: Ball
1-2: Ground out 4-3 (Groundball, 4)
Bottom of the 7th over - 0 run(s), 0 hit(s), 0 error(s), 0 left on base; Hendersonville 2 - So Cal 0
TOP OF THE 8TH
Hendersonville Hitmen batting - Pitching for So Cal Henvy : LHP Tomás Fajardo
Pitching: RHP Yin-zhen Zong
Batting: RHB Eduardo García 0-0: Called Strike
0-1: Foul Ball, location: 2F
0-2: Ball
1-2: SINGLE (Line Drive, 78S)
Pitching: LHP Cecil Bonekamp
Batting: LHB José Flores 0-0: Sac Bunt - play at first, batter safe!
Eduardo García to second
Batting: RHB Manolo Román 0-0: Ball
1-0: Called Strike
1-1: Foul Ball, location: 2F
1-2: Ground out 5-3 (Groundball, 5S)
Eduardo García to third
José Flores to second
Pitching: RHP Jerry Good
Batting: LHB Tony Abete 0-0: Intentional Walk
Pinch Hitting: SHB Tony López 0-0: Called Strike
0-1: Ball
1-1: Foul Ball, location: 2F
1-2: Fly out, F5 (Line Drive, 5)
Pinch Hitting: SHB David Johnstone 0-0: Ball
1-0: SINGLE (Groundball, 4MD)
Eduardo García scores
José Flores to third
Tony Abete to second
Runner from 3rd tries for Home, SAFE, no throw or cutoff
Batting: RHB Junior Vargas 0-0: Ball
1-0: Called Strike
1-1: Foul Ball, location: 2F
1-2: Strikes out swinging
Top of the 8th over - 2 run(s), 3 hit(s), 0 error(s), 2 left on base; Hendersonville 4 - So Cal 0
BOTTOM OF THE 8TH
So Cal Henvy batting - Pitching for Hendersonville Hitmen : RHP Samuel Émond
Pitching: RHP Robinson Gonzáles
Now at 1B: David Johnstone
Now in RF: Tony López
Batting: RHB Morgan Gibbon 0-0: Ball
1-0: Called Strike
1-1: Foul Ball, location: 2F
1-2: Ball
2-2: Fly out, F9 (Line Drive, 9M)
Batting: SHB Derek Roach 0-0: Ball
1-0: Ball
2-0: DOUBLE (Flyball, 78XD)
Batting: RHB Gregg Nelson 0-0: Called Strike
0-1: Foul Ball, location: 2F
0-2: Ball
1-2: Strikes out swinging
Batting: SHB Miguel González 0-0: Ball
1-0: Ball
2-0: Swinging Strike
2-1: Foul Ball, location: 2F
2-2: Foul Ball, location: 2F
2-2: Fly out, F7 (Flyball, 78XD)
Bottom of the 8th over - 0 run(s), 1 hit(s), 0 error(s), 1 left on base; Hendersonville 4 - So Cal 0
TOP OF THE 9TH
Hendersonville Hitmen batting - Pitching for So Cal Henvy : RHP Jerry Good
Batting: RHB Taylor McFarland 0-0: Ball
1-0: Called Strike
1-1: Ball
2-1: Ground out 1-3 (Groundball, 13S)
Batting: RHB Robert Bly 0-0: Swinging Strike
0-1: Ball
1-1: Foul Ball, location: 2F
1-2: Ball
2-2: Ball
3-2: DOUBLE (Line Drive, 8LS)
Batting: RHB Eduardo García 0-0: Ball
1-0: Called Strike
1-1: Ball
2-1: SINGLE (Line Drive, 78S)
Robert Bly to third
Batting: LHB José Flores 0-0: Called Strike
0-1: Ball
1-1: Ground out 4-3 (Groundball, 4M)
Robert Bly scores
Eduardo García to second
Batting: RHB Manolo Román 0-0: Called Strike
0-1: Ball
1-1: Foul Ball, location: 2F
1-2: Ball
2-2: DOUBLE (Flyball, 89D)
Eduardo García scores
Batting: LHB Tony Abete 0-0: Ground out 6-3 (Groundball, 6)
Top of the 9th over - 2 run(s), 3 hit(s), 0 error(s), 1 left on base; Hendersonville 6 - So Cal 0
BOTTOM OF THE 9TH
So Cal Henvy batting - Pitching for Hendersonville Hitmen : RHP Robinson Gonzáles
Batting: LHB John Peterson 0-0: Foul Ball, location: 2F
0-1: Foul Ball, location: 2F
0-2: Ball
1-2: Fly out, F9 (Line Drive, 9LS)
Batting: RHB Earl Wiggins 0-0: Ball
1-0: Called Strike
1-1: Ball
2-1: Ball
3-1: Called Strike
3-2: Strikes out looking
Batting: RHB Rubén Calderón 0-0: Called Strike
0-1: Foul Ball, location: 2F
0-2: Foul Ball, location: 2F
0-2: Ball
1-2: Fly out, F7 (Flyball, 7M)
Bottom of the 9th over - 0 run(s), 0 hit(s), 0 error(s), 0 left on base; Hendersonville 6 - So Cal 0
Monday, December 5th, 2016 - OOTP Baseball 17.12 Build 75